Map: Whispers of Gold

Players

GangusKaun

  • Race: Protoss Protoss
  • League: Gold
  • Spawn Location: 9:00

MutantLeague - Winner!

  • Race: Zerg Zerg
  • League: Platinum
  • Spawn Location: 5:00

VOD

Have the link to the VOD?

Description

Time

  • Played on: Dec. 11, 2024, 9:09 a.m.
  • Length: 18:08
Show
View Real Time Build Order
Export as new Build Order

GangusKaun Protoss 

Build Orders: 1 Gate Expand, Oracle Opening 

Get SALT Encoding   

  12  0:01  Probe  
  13  0:17  Pylon  
  13  0:23  Probe  
  14  0:35  Probe  
  15  0:47  Gateway, Probe  
  16  0:59  Probe  
  16  1:00  Assimilator  
  17  1:11  Probe  
  18  1:23  Probe  
  19  1:33  Nexus  
  19  1:39  Probe  
  19  1:44  Assimilator  
  19  1:56  Cybernetics Core  
  19  1:57  Probe  
  20  2:05  Probe  
  21  2:15  Probe  
  21  2:19  Gateway  
  22  2:27  Probe  
  23  2:32  Warp Gate  
  23  2:35  Adept  
  23  2:39  Pylon  
  23  2:45  Probe  
  23  2:48  Probe  
  27  2:57  Probe  
  28  3:00  Probe  
  29  3:06  Stargate  
  29  3:09  Probe  
  29  3:12  Probe  
  31  3:21  Probe  
  31  3:24  Probe  
  31  3:25  Adept x2  
  37  3:36  Probe  
  37  3:37  Probe  
  39  3:50  Nexus  
  39  3:53  Oracle  
  39  3:54  Pylon  
  39  4:00  Probe x2  
  44  4:12  Probe  
  44  4:13  Assimilator  
  44  4:15  Probe  
  46  4:24  Gateway, Probe  
  46  4:26  Shield Battery  
  46  4:27  Probe  
  48  4:36  Probe  
  47  4:50  Stalker  
  49  4:55  Assimilator  
  49  5:05  Gateway  
  49  5:09  Pylon, Probe x2  
  49  5:11  Oracle  
  54  5:32  Stalker x2  
  54  5:34  Zealot  
  60  5:43  Gateway  
  60  5:46  Pylon  
  57  6:24  Oracle  
  60  6:29  Forge  
  60  6:33  Twilight Council  
  60  6:34  Pylon  
  60  6:37  Pylon  
  60  6:39  Probe  
  60  6:40  Pylon  
  60  6:41  Probe x2  
  63  7:02  Gateway  
  63  7:05  Gateway  
  63  7:07  Shield Battery  
  63  7:11  Shield Battery  
  63  7:24  Zealot x2  
  63  7:25  Zealot  
  65  7:40  Protoss Ground Weapons Level 1, Assimilator  
  65  7:44  Charge  
  65  7:50  Zealot x5  
  75  7:55  Phoenix  
  77  8:01  Fleet Beacon  
  77  8:08  Shield Battery  
  68  8:20  Phoenix  
  68  8:26  Probe x2  
  73  8:27  Probe  
  73  8:39  Pylon, Probe  
  74  8:42  Pylon  
  74  8:46  Pylon  
  74  8:47  Oracle  
  74  8:49  Anion Pulse-Crystals  
  74  8:51  Templar Archives  
  74  8:53  Robotics Facility, Photon Cannon  
  74  8:55  Pylon, Photon Cannon  
  74  8:56  Pylon  
  74  9:01  Pylon  
  77  9:04  Pylon  
  77  9:09  Probe x3  
  80  9:11  Stargate x2  
  80  9:19  Zealot  
  80  9:20  Zealot x6  
  80  9:21  Probe  
  95  9:24  Oracle  
  95  9:27  Psionic Storm, Assimilator  
  95  9:28  Probe x2  
  100  9:33  Immortal  
  104  10:01  Tempest  
  104  10:03  Photon Cannon  
  104  10:05  Photon Cannon  
  108  10:10  Photon Cannon  
  108  10:11  Shield Battery, Observer  
  109  10:18  Shield Battery  
  109  10:20  Photon Cannon  
  109  10:21  Photon Cannon  
  107  10:24  Photon Cannon  
  107  10:29  High Templar x4  
  107  10:30  High Templar x2  
  119  10:39  Probe x2  
  119  10:40  Probe  
  121  10:48  Immortal, Probe  
  126  10:51  Probe x2  
  126  10:52  Zealot  
  131  11:05  Archon  
  131  11:06  Archon  
  131  11:18  Carrier  
  137  11:19  Carrier  
  137  11:22  Zealot x5  
  153  11:39  Observer  
  154  11:56  Robotics Facility  
  154  12:35  Immortal  
  66  13:13  Immortal  
  66  13:15  Immortal, High Templar x4  
  82  13:25  Zealot x3  
  88  13:28  Carrier  
  88  13:29  Carrier  
  88  13:33  Archon  
  100  13:35  Archon  
  100  13:40  Nexus  
  100  13:43  Protoss Ground Weapons Level 2  
  100  13:44  Pylon  
  100  13:46  Pylon  
  100  13:51  Pylon  
  100  13:54  Robotics Bay  
  100  13:55  Gateway  
  100  13:56  Gateway, Pylon  
  100  14:00  Tempest  
  104  14:11  Probe x2  
  104  14:13  High Templar x6  
  104  14:15  Zealot  
  120  14:25  Photon Cannon x2  
  120  14:29  Photon Cannon  
  120  14:30  Photon Cannon  
  120  14:32  Shield Battery  
  120  14:34  Shield Battery  
  120  14:36  Shield Battery  
  120  14:38  Shield Battery  
  120  14:40  Pylon  
  120  14:43  Colossus  
  120  14:44  Assimilator  
  120  15:00  Zealot  
  120  15:01  Zealot x2  
  120  15:05  Pylon  
  126  15:14  Zealot x3  
  128  15:15  Zealot  
  128  15:19  Archon x2  
  128  15:23  High Templar x5  
  128  15:28  Archon  
  132  15:32  Probe x3  
  135  15:47  Photon Cannon  
  135  15:48  Probe x2  
  135  15:49  Photon Cannon  
  137  15:53  Assimilator  
  137  15:54  Probe  
  131  16:00  Probe  
  92  16:21  Probe x3  
  77  16:44  Robotics Facility  
  77  16:54  Robotics Facility  
  77  16:59  Photon Cannon  
  77  17:02  Photon Cannon  
  77  17:03  Probe x3  
  77  17:04  Photon Cannon  
  77  17:05  Shield Battery  
  77  17:07  Shield Battery  
  80  17:09  Shield Battery  
  80  17:10  Pylon  
  80  17:11  High Templar x5  
  80  17:12  High Templar x2  
  100  17:23  Archon  
  100  17:24  Archon  
  72  17:52  Zealot x5  
  72  17:53  Zealot  
Show
View Real Time Build Order
Export as new Build Order

MutantLeague Zerg - Winner!

Build Orders: 3 Hatch before Pool 

Get SALT Encoding   

  12  0:25  Drone x2  
  14  0:46  Extractor  
  14  0:47  Extractor  
  14  0:48  Drone x2  
  16  1:06  Hatchery  
  15  1:20  Overlord  
  15  1:21  Hatchery  
  14  1:41  Drone x3  
  17  1:50  Extractor  
  16  1:57  Drone  
  17  2:04  Drone  
  18  2:12  Spawning Pool  
  18  2:14  Drone  
  18  2:18  Drone  
  19  2:26  Drone  
  20  2:30  Drone  
  20  2:33  Drone  
  22  2:39  Extractor  
  22  2:44  Drone x2  
  22  2:45  Evolution Chamber  
  22  2:47  Evolution Chamber  
  22  2:48  Drone  
  22  2:49  Extractor  
  22  2:50  Drone  
  22  2:53  Drone  
  23  2:58  Drone  
  23  3:00  Drone  
  23  3:02  Drone  
  26  3:07  Drone  
  26  3:09  Drone  
  28  3:14  Drone  
  29  3:21  Zerg Ground Armor Level 1  
  29  3:22  Drone  
  30  3:28  Zerg Melee Weapons Level 1  
  30  3:30  Zergling x2  
  30  3:34  Zergling x2  
  32  3:35  Zergling x2  
  32  3:38  Drone  
  34  3:49  Metabolic Boost  
  34  3:55  Overlord  
  34  4:00  Overlord  
  34  4:11  Overlord  
  34  4:12  Queen  
  34  4:14  Queen  
  38  4:19  Drone x2  
  38  4:21  Zergling x4  
  38  4:22  Zergling x2  
  43  4:27  Drone  
  43  4:28  Drone  
  44  4:45  Spore Crawler  
  41  4:46  Drone x3  
  41  4:50  Spore Crawler, Drone x2  
  45  4:54  Spore Crawler  
  45  4:57  Lair  
  45  4:58  Drone  
  45  5:05  Spore Crawler  
  45  5:06  Zergling x2  
  47  5:07  Zergling x4  
  47  5:12  Spore Crawler  
  47  5:13  Drone x2  
  47  5:14  Spore Crawler  
  47  5:15  Zergling x2  
  47  5:21  Drone x3  
  51  5:29  Zergling x4  
  51  5:31  Zergling x6  
  56  5:37  Queen  
  56  5:41  Overlord  
  58  5:44  Overlord  
  57  5:56  Drone  
  56  5:58  Drone x2  
  58  6:07  Drone x4  
  62  6:11  Zerg Ground Armor Level 2  
  62  6:13  Hydralisk Den, Zerg Missile Weapons Level 1  
  58  6:19  Drone x2  
  58  6:25  Spine Crawler  
  59  6:33  Spine Crawler  
  59  6:34  Overlord x2  
  59  6:38  Spore Crawler, Drone x3  
  60  6:41  Queen  
  60  6:44  Extractor  
  61  6:47  Drone x2  
  61  6:48  Drone  
  61  6:52  Queen  
  61  6:53  Extractor  
  65  7:10  Hydralisk x3  
  65  7:11  Hydralisk x3  
  65  7:13  Grooved Spines  
  77  7:22  Hydralisk x2  
  78  7:47  Drone x4  
  78  7:48  Drone x3  
  78  7:50  Hydralisk x2  
  78  7:51  Hydralisk  
  88  8:13  Hydralisk  
  88  8:15  Overlord x2  
  90  8:26  Overlord  
  90  8:31  Hatchery, Zerg Missile Weapons Level 2  
  90  8:33  Drone x3  
  92  8:35  Hatchery  
  92  8:37  Hydralisk x3  
  97  8:48  Hydralisk x2  
  101  8:59  Hydralisk x4  
  109  9:04  Overseer x2  
  109  9:06  Zerg Melee Weapons Level 2  
  109  9:07  Spine Crawler  
  109  9:09  Overlord  
  108  9:10  Infestation Pit  
  108  9:12  Hydralisk x3  
  113  9:22  Drone  
  114  9:25  Overlord x2  
  114  9:26  Overlord x2, Extractor  
  113  9:36  Hydralisk x4  
  121  9:38  Muscular Augments  
  121  9:40  Overlord  
  121  9:48  Drone  
  121  9:49  Drone x3  
  125  9:53  Drone  
  125  9:55  Drone x2  
  125  9:57  Hydralisk  
  130  10:28  Overlord, Spine Crawler  
  129  10:33  Overlord, Hive  
  129  10:34  Overlord  
  129  10:37  Drone x3  
  129  10:39  Drone x3  
  135  10:44  Spine Crawler  
  135  10:47  Spore Crawler  
  135  10:48  Queen  
  135  10:49  Extractor, Overlord  
  134  10:50  Overlord x2  
  134  11:01  Drone  
  134  11:02  Drone  
  134  11:03  Queen  
  138  11:23  Queen  
  140  11:34  Overlord x2  
  140  11:37  Drone x3  
  140  11:38  Queen  
  145  11:41  Drone x3  
  148  11:57  Overlord x2  
  148  11:58  Zerg Ground Armor Level 3, Ultralisk Cavern  
  148  11:59  Queen  
  148  12:01  Zergling x4  
  151  12:08  Spine Crawler  
  151  12:09  Zergling x10  
  151  12:11  Zergling x10  
  151  12:12  Zergling x12  
  151  12:13  Zergling x12  
  151  12:14  Queen, Zergling x4  
  176  12:16  Zergling x6  
  176  12:21  Adrenal Glands  
  179  12:32  Hydralisk x2  
  179  12:35  Zergling x2  
  175  12:50  Queen  
  153  13:07  Chitinous Plating  
  153  13:09  Ultralisk x2  
  153  13:10  Ultralisk x2  
  183  13:13  Ultralisk  
  183  13:19  Extractor  
  182  13:24  Zerg Melee Weapons Level 3  
  182  13:29  Drone  
  182  13:30  Hatchery  
  182  13:41  Overlord x3  
  182  13:54  Overlord x2  
  182  13:59  Overlord x2  
  182  14:00  Extractor  
  181  14:10  Ultralisk x2  
  181  14:11  Ultralisk  
  181  14:15  Hatchery  
  198  14:26  Anabolic Synthesis  
  187  14:55  Drone  
  176  15:29  Ultralisk  
  176  15:31  Overlord x2  
  176  15:40  Ultralisk  
  182  15:46  Ultralisk  
  182  15:47  Ultralisk x2  
  128  16:29  Ultralisk x4  
  128  16:30  Ultralisk  
  128  16:32  Ultralisk x3  
  174  16:35  Ultralisk x2  
  174  16:36  Ultralisk x2  
  198  16:42  Spore Crawler  
  198  16:45  Spore Crawler  
  198  16:46  Spore Crawler, Drone x3  
  198  16:47  Queen  
Tags
 
Add a new tag
Caveats
  • Supply blocks, unpowered buildings, or Contaminate may cause inaccurate times.
  • Supply counts are checked every 10 seconds.